 Dungeon Crawl Stone Soup version 0.16-a0-3992-g631dd12 (webtiles) character file.

95 kudryavka the Chucker (level 4, -3/27 HPs)
             Began as a Halfling Transmuter on Feb 12, 2015.
             Was an Initiate of Cheibriados.
             Slain by Natasha (4 damage)
             ... on level 3 of the Dungeon.
             The game lasted 00:11:40 (2972 turns).

kudryavka the Chucker (Halfling Transmuter)         Turns: 2972, Time: 00:11:40

Health: -3/27      AC: 13    Str: 11    XL:     4   Next: 95%
Magic:  6/6        EV:  4    Int: 13    God:    Cheibriados [......]
Gold:   109        SH:  0    Dex: 16    Spells: 1 memorised, 5 levels left

rFire  . . .     SeeInvis .     o - +0 dagger
rCold  . . .     Clarity  .     r - +0 plate armour (curse)
rNeg   . . .     SustAb   .     (no shield)
rPois  .         Gourm    .     (no helmet)
rElec  .         Spirit   .     j - +0 cloak
rCorr  .         Warding  .     (no gloves)
rMut   .         Stasis   .     (no boots)
MR     .....                    (no amulet)
Stlth  ..........               (no ring)
                                e - +2 ring of protection

@: very slow, not resistant to hostile enchantments, extremely unstealthy
A: mutation resistance 1
a: Bend Time, Renounce Religion


You were on level 3 of the Dungeon.
You worshipped Cheibriados.
Cheibriados was noncommittal.
You were not hungry.

You visited 1 branch of the dungeon, and saw 3 of its levels.

You collected 109 gold pieces.

Inventory:

Hand weapons
 l - a +0 club
 o - a +0 dagger (weapon)
 x - a cursed -3 quarterstaff
Missiles
 b - 48 arrows
 n - 53 stones (quivered)
Armour
 c - a +0 robe
 i - a +0 ring mail
 j - a +0 cloak (worn)
 p - a +0 chain mail
 r - a cursed +0 plate armour (worn)
Jewellery
 e - a +2 ring of protection (left hand)
 m - an uncursed ring of invisibility {unknown}
 v - an uncursed ring of magical power {unknown}
Scrolls
 g - a scroll of enchant armour {unknown}
 k - 4 scrolls of identify {unknown}
 q - a scroll of fog {unknown}
 u - a scroll of remove curse {unknown}
 y - a scroll of enchant weapon {unknown}
Potions
 h - a potion of curing {unknown}
 s - a potion of mutation {unknown}
 w - a potion of agility {unknown}
 A - 2 potions of might {unknown}
Books
 d - a book of Changes

   Spells                             Type                      Level
   a - Beastly Appendage              Transmutation                1
   b - Sticks to Snakes               Transmutation                2
   c - Spider Form                    Transmutation/Poison         3
   d - Ice Form                       Ice/Transmutation            4
   e - Blade Hands                    Transmutation                5
Comestibles
 a - a bread ration
 f - a meat ration
 t - 3 beef jerkies
 z - 2 chunks of flesh


   Skills:
 - Level 0.8 Fighting
 * Level 3.1 Short Blades
 + Level 4.2 Throwing
 - Level 2.1 Dodging
 - Level 2.4 Unarmed Combat
 - Level 1.5 Spellcasting
 - Level 1.2 Transmutations


You had 5 spell levels left.
You knew the following spells:

 Your Spells              Type           Power        Failure   Level  Hunger
a - Beastly Appendage     Trmt           #.....       100%        1    ##.....


Dungeon Overview and Level Annotations

Branches:
Dungeon (3/15)

Altars:
Cheibriados
Kikubaaqudgha

Annotations:
D:3 Natasha


Innate Abilities, Weirdness & Mutations

You are small and have problems with some larger weapons.
You are somewhat resistant to further mutation.


Message History

Natasha is heavily wounded.
You closely miss Natasha.
Natasha is heavily wounded.
Natasha claws you.
You hit Natasha.
Natasha is heavily wounded.
The shadow imp disappears in a puff of smoke!
Natasha claws you.
You closely miss Natasha.
Natasha is heavily wounded.
Natasha stares at you and mumbles some strange words.
The magic dart hits you!
* * * LOW HITPOINT WARNING * * *
You hit Natasha.
Natasha is severely wounded.
Natasha mumbles some strange words.
You hit Natasha.
Natasha is almost dead.
Natasha claws you.
You die...

#.# ##+#+###
#.#.# #### #.#
#......#
#.#.#..... #.#
#......# #.#.
#### #.#
#......# #.#
#... #.#
#......# #.#
#.## #.#
#......# #.# #
#.#. #.#
#......# #.#.#
#.#. #.#
#......###.#.#
#... #.#
##@#.........#
#... #.#
#h#######.###
#.## #.#
.5#.........#
#.#. #.#
...##.####.#.#
#.#. #.# ....#
#....#.#.#...
#.#.....#
#....#.#.###.
#.#####.#
#.##.#.#.# #.
#.# #.#
#..).#.#.# #.
#.# #.#
#.#..#.#.# #.


You could see Natasha and a shadow imp.

Vanquished Creatures
  3 adders
  A giant mite (D:1)
  A worm (D:2)
  2 giant geckos
  2 orcs (D:3)
  8 bats
  2 giant cockroaches (D:1)
  4 goblins
  8 hobgoblins
  3 jackals (D:3)
  5 kobolds (D:1)
  4 giant newts
  4 rats
47 creatures vanquished.

Notes
Turn   | Place    | Note
--------------------------------------------------------------
     0 | D:1      | kudryavka, the Halfling Transmuter, began the quest for the Orb.
     0 | D:1      | Reached XP level 1. HP: 12/12 MP: 2/2
    99 | D:1      | Reached skill level 1 in Throwing
   140 | D:1      | Reached XP level 2. HP: 4/18 MP: 3/3
   613 | D:1      | Reached skill level 3 in Throwing
   628 | D:1      | Reached XP level 3. HP: 22/22 MP: 5/5
  1073 | D:1      | Reached skill level 4 in Throwing
  1497 | D:2      | Found a snail-covered altar of Cheibriados.
  1507 | D:2      | Reached skill level 1 in Short Blades
  1517 | D:2      | Reached XP level 4. HP: 20/27 MP: 6/6
  1696 | D:2      | Became a worshipper of Cheibriados the Contemplative
  1843 | D:2      | Found an ancient bone altar of Kikubaaqudgha.
  2941 | D:3      | Noticed Natasha
  2970 | D:3      | HP: 1/27 [Natasha/magic dart (11)]
  2972 | D:3      | Slain by Natasha

Action                   |  1- 3 |  4- 6 || total
-------------------------+-------+-------++-------
Melee: Unarmed           |   120 |       ||   120
       Dagger            |    43 |   234 ||   277
Throw: Stone             |     3 |     9 ||    12
  Eat: Chunk             |     1 |     6 ||     7
